 Dungeon Crawl Stone Soup version 0.30.1-11-g7821555f0a (webtiles) character file.

Game seed: 18338042205862044037

2459 DarkinPuppy the Slasher (level 9, 0/66 (68) HPs)
             Began as a Demonspawn Gladiator on Nov 11, 2023.
             Was an Initiate of Okawaru.
             Slain by a kobold brigand
             ... wielding a +0 dagger
              (2 damage)
             ... on level 7 of the Dungeon.
             The game lasted 00:26:25 (6423 turns).

DarkinPuppy the Slasher (Demonspawn Gladiator)      Turns: 6423, Time: 00:26:25

HP:   0/66 (68)     AC: 15    Str: 19    XL:     9   Next: 26%
MP:   9/9           EV: 15    Int:  9    God:    Okawaru [......]
Gold: 443           SH:  0    Dex: 15    Spells: 8/8 levels left

rFire   . . .        a - +0 long sword
rCold   + . .        (no shield)
rNeg    . . .        E - +1 chain mail {rC+}
rPois   .            c - +0 helmet
rElec   .            y - +2 cloak
rCorr   .            (no gloves)
SInv    .            (boots unavailable)
Will    .....        K - amulet of regeneration Stlth
                     q - +5 ring of evasion
HPRegen 1.11/turn    (no ring)
MPRegen 0.11/turn

%: no passive effects
@: lethally poisoned (0 -> 0), lightly drained
A: hooves 3, powered by pain 2, demonic magic 1
a: Renounce Religion


You were on level 7 of the Dungeon.
You worshipped Okawaru.
Okawaru was noncommittal.
You visited 2 branches of the dungeon, and saw 9 of its levels.

You collected 443 gold pieces.

Inventory:

Hand Weapons
 a - a +0 long sword (weapon)
Missiles
 d - 3 throwing nets (quivered)
 e - a javelin
Armour
 c - a +0 helmet (worn)
 y - a +2 cloak (worn)
 A - an orb of guile
 B - the +0 ring mail of Fashionability {rPois}
   (You found it on level 4 of the Dungeon)

   rPois:     It protects you from poison.
 E - a +1 chain mail of cold resistance (worn)
Jewellery
 b - an amulet of reflection
 i - a ring of fire
 q - a +5 ring of evasion (left hand)
 J - the Hermit's Pendant {Faith Invo=14 Evo=0 MP+5}
   (You found it on level 7 of the Dungeon)

   [amulet of faith]

   Invo=14: It sets your Invocations skill to 14.
   Evo=0: It sets your Evocations skill to 0.
   It allows you to gain divine favour quickly.
   MP:        It affects your magic capacity (+5).
 K - an amulet of regeneration (around neck)
 L - a ring of see invisible
Wands
 G - a wand of polymorph (11)
Scrolls
 g - a scroll of enchant weapon {unknown}
 h - a scroll of fear {unknown}
 j - a scroll of butterflies {unknown}
 m - 4 scrolls of fog {unknown}
 n - 2 scrolls of poison {unknown}
 o - 4 scrolls of vulnerability {unknown}
 r - 2 scrolls of immolation {unknown}
 s - a scroll of silence {unknown}
 t - 4 scrolls of identify {unknown}
 D - a scroll of amnesia {unknown}
 H - a scroll of teleportation {unknown}
 I - a scroll of brand weapon {unknown}
Potions
 f - 2 potions of haste {unknown}
 k - 2 potions of might
 l - 4 potions of curing
 p - 2 potions of degeneration {unknown}
 u - a potion of magic {unknown}
 v - a potion of invisibility {unknown}
 w - a potion of mutation {unknown}
 x - a potion of attraction {unknown}
 z - 4 potions of heal wounds {unknown}
 C - a potion of ambrosia {unknown}
 F - 2 potions of brilliance {unknown}


   Skills:
 + Level 5.6 Fighting
 * Level 7.5 Long Blades
 - Level 1.7 Throwing
 + Level 4.7 Armour
 + Level 6.4 Dodging


You had 8 spell levels left.
You didn't know any spells.
Your spell library contained the following spells:

 Spells                   Type           Power      Damage    Failure   Level
 Necrotise                Necr           0%         1d4       97%         1
 Sublimation of Blood     Necr           0%         N/A       99%         2
 Hailstorm                Conj/Ice       0%         3d3       100%        3
 Ignite Poison            Fire/Tmut/Pois 0%         N/A       100%        3
 Inner Flame              Hex/Fire       0%         N/A       100%        3
 Ice Form                 Ice/Tmut       0%         N/A       100%        4
 Sticky Flame             Conj/Fire      0%         2d3       100%        4
 Yara's Violent Unravell  Hex/Tmut       0%         3d3       100%        5
 Starburst                Conj/Fire      0%         6d3       100%        6
 Enfeeble                 Hex            0%         N/A       100%        7
 Death's Door             Necr           0%         N/A       100%        9
 Simulacrum               Ice/Necr       Unusable   N/A       N/A         6
 Haunt                    Necr/Summ      Unusable   N/A       N/A         7

Dungeon Overview and Level Annotations

Branches:
Dungeon (8/15)             Temple (1/1) D:7
   Lair: D:8-11

Altars:
Ashenzari
Cheibriados
Dithmenos
Hepliaklqana
Kikubaaqudgha
Makhleb
Nemelex Xobeh
Okawaru
Qazlal
Ru
Sif Muna
Trog
Uskayaw
Vehumet
Wu Jian
Xom
Yredelemnul


Innate Abilities, Weirdness & Mutations

You have hooves in place of feet.
You sometimes gain power by taking damage.
Spells you cast may paralyse adjacent enemies.


Message History

You feel drained.
* * * LOW HITPOINT WARNING * * *
You feel yourself speed up.
You feel sick.
The hornet stings you but does no damage.
You feel sick.
The kobold throws a stone.
The stone hits you but does no damage.
The hornet stings you but does no damage.
You feel sick.
The kobold throws a stone.
The stone hits you but does no damage.
You feel sick.
You are no longer poisoned.
The hornet stings you!
* * * LOW HITPOINT WARNING * * *
You are poisoned.
You feel yourself slow down. The hornet attacks as you move away!
The hornet barely misses you.
You feel very sick. The hornet closely misses you.
The kobold attacks as you move away! The kobold hits you but does no damage.
You feel yourself speed up.
You feel sick.
The hornet stings you but does no damage.
The hornet attacks as you move away! The hornet stings you.
* * * LOW HITPOINT WARNING * * *
You are more poisoned.
You feel yourself slow down.
* * * LOW HITPOINT WARNING * * *
You feel very sick.
The hornet stings you but does no damage.
You feel very sick.
The kobold brigand throws a poisoned dart.
The poisoned dart barely misses you. The kobold hits you but does no damage.
The hornet closely misses you. The kobold closely misses you.
There is a stone staircase leading up here.
You feel yourself speed up.
You feel very sick. The hornet closely misses you.
The kobold brigand hits you with a +0 dagger.
You die...

####.....#.♣.♣.#.......#....#
.#.#..#..#.....#............##
......#..#######.............#
.....##.## #.####...........##
.........###..###...........#
.......#....<###............#
......###.....##...........##
....###...................##
................@yz.....###
......###.......KK........#
.................K...#...##
.....##........###...##.##
.##..##....(...###.......###
.###..#...))...#.#.........#
..#......................†##
............##.........)>..#
.>.........##..........))..#


You could see a hornet, a kobold brigand, a wight and 2 kobolds.

Vanquished Creatures
  Pikel (D:5)
  Eustachio (D:5)
  Edmund (D:5)
  3 black bears
  A sky beast (D:7)
  3 kobold brigands
  2 bullfrogs
  A gnoll sergeant (D:6)
  2 scorpions
  A crimson imp (D:7)
  9 hounds
  A jelly (D:5)
  4 orc priests
  2 sleepcaps
  Terence (D:2)
  4 iguanas
  2 orc wizards
  5 gnolls (D:6)
  3 adders
  2 white imps
  2 ufetubi
  A worm (D:4)
  4 dart slugs
  26 orcs
  7 bats
  3 endoplasms
  4 goblins (D:2)
  8 hobgoblins
  5 quokkas
  4 ball pythons
  2 frilled lizards (D:3)
  23 kobolds
  5 rats
143 creatures vanquished.

Notes
Turn   | Place    | Note
-------+----------+-------------------------------------------
     0 | D:1      | DarkinPuppy the Demonspawn Gladiator began the quest for
                  | the Orb.
     0 | D:1      | Reached XP level 1. HP: 16/16 MP: 1/1
   324 | D:1      | Gained mutation: You have large cloven feet. [demonic
                  | ancestry]
   324 | D:1      | Reached XP level 2. HP: 22/22 MP: 2/2
   329 | D:1      | Found a faded altar of an unknown god.
   739 | D:2      | Reached skill level 3 in Long Blades
   744 | D:2      | Reached XP level 3. HP: 27/27 MP: 3/3
   780 | D:2      | Noticed Terence
   788 | D:2      | Killed Terence
   789 | D:2      | Reached skill level 1 in Armour
  1144 | D:2      | Reached XP level 4. HP: 32/34 MP: 4/4
  1792 | D:3      | Noticed a black bear
  1809 | D:3      | Killed a black bear
  1810 | D:3      | Gained mutation: You sometimes gain a little power by
                  | taking damage. [demonic ancestry]
  1810 | D:3      | Reached XP level 5. HP: 33/40 MP: 5/5
  2271 | D:3      | Found a shimmering blue altar of Sif Muna.
  2362 | D:4      | Got the Secrets of the Volcano
  2478 | D:4      | Identified the +0 ring mail of Fashionability {rPois}
  2536 | D:4      | Reached skill level 4 in Long Blades
  2597 | D:4      | Noticed a black bear
  2607 | D:4      | Gained mutation: You have hoof-like feet. [demonic
                  | ancestry]
  2607 | D:4      | Reached XP level 6. HP: 34/47 MP: 6/6
  3272 | D:4      | Found an ornate altar of the Wu Jian Council.
  3276 | D:4      | Found a shadowy altar of Dithmenos.
  3277 | D:4      | Found a hazy altar of Hepliaklqana.
  3277 | D:4      | Found a sacrificial altar of Ru.
  3283 | D:4      | Found a shimmering altar of Xom.
  3403 | D:4      | Gained mutation: You have hooves in place of feet. [demonic
                  | ancestry]
  3403 | D:4      | Reached XP level 7. HP: 32/52 MP: 7/7
  3576 | D:4      | Reached skill level 5 in Dodging
  3696 | D:5      | Entered Level 5 of the Dungeon
  3730 | D:5      | Found a burning altar of Makhleb.
  3742 | D:5      | Reached skill level 5 in Long Blades
  4006 | D:5      | Noticed Pikel
  4029 | D:5      | Killed Pikel
  4030 | D:5      | Gained mutation: You sometimes gain power by taking damage.
                  | [demonic ancestry]
  4030 | D:5      | Reached XP level 8. HP: 21/61 MP: 8/8
  4033 | D:5      | Reached skill level 6 in Long Blades
  4144 | D:5      | Noticed Edmund
  4166 | D:5      | Killed Edmund
  4387 | D:5      | Noticed Eustachio
  4475 | D:5      | Killed Eustachio
  4891 | D:6      | Reached skill level 5 in Fighting
  5156 | D:6      | Reached skill level 7 in Long Blades
  5193 | D:6      | HP: 3/62 [poisoned by a kobold brigand]
  5432 | D:6      | Gained mutation: Spells you cast may paralyse adjacent
                  | enemies. [demonic ancestry]
  5432 | D:6      | Reached XP level 9. HP: 68/68 MP: 9/9
  5644 | D:7      | Found the Hermit's Pendant {Faith Invo=14 Evo=0 MP+5}
  5757 | D:7      | Got the Secrets of Nightshade
  5821 | D:7      | Found a broken altar of Ashenzari.
  6015 | D:7      | Found a staircase to the Ecumenical Temple.
  6022 | Temple   | Entered the Ecumenical Temple
  6047 | Temple   | Became a worshipper of Warmaster Okawaru
  6423 | D:7      | HP: 2/66 [poisoned by a hornet]
  6423 | D:7      | Slain by a kobold brigand

Illustrated notes

Levels and vault maps discovered:
D:1:      shiori_shiawase, layout_loops_cross,
          dreamdust_ecumenical_altar_sealed_demon
D:2:      layout_basic, serial_glass, glass_columns_b, glass_columns_a,
          uniq_terence
D:3:      layout_rooms, lemuel_blue_sif_altar, nicolae_eternal_life,
          roderic_serpentine_path, chequers_serial_rivers_micro_a,
          grunt_decor_one_mirror, minmay_randomly_rotated_circles
D:4:      layout_basic, minitemple, lemuel_crystal_altar, hellmonk_no_cap
D:5:      layout_basic, makhleb_heckhound_becter, mainiacjoe_overflow_alcove_4,
          uniq_pikel, uniq_eustachio, uniq_edmund
D:6:      layout_gridville
D:7:      layout_cave_pools, kennysheep_little_box, minmay_temple_entry_trees,
          minmay_fire_ice_demons
D:8:      layout_rooms, minivault_24
Temple:   hellmonk_temple_micro_hex

Skill      XL: |  1  2  3  4  5  6  7  8 |
---------------+-------------------------+-----
Dodging        | 3 4 5 6 |  6.4
Long Blades    | 3 4 5 7 |  7.5
Armour         | 1 2 3 4 |  4.7
Fighting       | 3 4 5 |  5.6
Throwing       | |  1.7

Action                     |  1- 3 |  4- 6 |  7- 9 || total
---------------------------+-------+-------+-------++-------
  Melee: Long sword        |    77 |   202 |   308 ||   587
         Kick              |     7 |     8 |    87 ||   102
         Punch             |     1 |     4 |     6 ||    11
    Use: Potion            |       |       |     1 ||     1
 Armour: Leather armour    |     6 |       |       ||     6
         Ring mail         |    21 |    63 |     9 ||    93
         Chain mail        |       |       |   144 ||   144
         Skin              |       |       |    11 ||    11
  Dodge: Dodged            |    41 |   209 |   286 ||   536
  Block: Other             |    12 |    65 |    64 ||   141
         Reflection        |     1 |       |       ||     1
